 Dungeon Crawl Stone Soup version 0.30-a0-964-gd452b5e7fa (webtiles) character file.

Game seed: 14886394204130499176

2097 vishdafish the Gusty (level 9, 57/57 HPs)
             Began as a Demonspawn Conjurer on Mar 30, 2023.
             Was a Follower of Vehumet.
             Quit the game on level 5 of the Dungeon.
             The game lasted 00:16:42 (8544 turns).

vishdafish the Gusty (Demonspawn Conjurer)          Turns: 8544, Time: 00:16:43

Health: 57/57      AC:  8    Str:  8    XL:     9   Next: 7%
Magic:  18/18      EV: 12    Int: 23    God:    Vehumet [*.....]
Gold:   34         SH:  0    Dex: 12    Spells: 6/21 levels left

rFire   + . .      SeeInvis .    k - +2 short sword (venom)
rCold   . . .      Faith    .    (no shield)
rNeg    . . .      Spirit   .    a - +0 robe
rPois   .          Reflect  .    (no helmet)
rElec   .          Rampage  .    (no cloak)
rCorr   .                        (no gloves)
Will    .....                    (no boots)
Stlth   ++                       (no amulet)
HPRegen 0.29/turn                u - +4 ring of protection
MPRegen 0.16/turn                w - ring of protection from fire

@: no status effects
A: hooves 1, molten scales 1, foul stench 1, powered by death 1
a: Renounce Religion


You were on level 5 of the Dungeon.
You worshipped Vehumet.
Vehumet was aware of your devotion.
You visited 2 branches of the dungeon, and saw 8 of its levels.
You also visited: Sewer and Ossuary.

You collected 254 gold pieces.
You spent 220 gold pieces at shops.

Inventory:

Hand Weapons
 k - a +2 short sword of venom (weapon)
Missiles
 p - 3 curare-tipped darts
Armour
 a - a +0 robe (worn)
Magical Staves
 d - a staff of poison
Jewellery
 u - a +4 ring of protection (left hand)
 w - a ring of protection from fire (right hand)
Scrolls
 c - 3 scrolls of teleportation
 g - a scroll of amnesia
 h - 4 scrolls of immolation
 j - a scroll of enchant weapon {unknown}
 l - 3 scrolls of poison {unknown}
 o - 9 scrolls of noise
 s - 2 scrolls of blinking
 y - a scroll of silence {unknown}
 z - a scroll of fog {unknown}
 A - 2 scrolls of enchant armour {unknown}
 B - a scroll of identify
Potions
 b - 4 potions of flight {unknown}
 e - 2 potions of curing
 f - 5 potions of brilliance {unknown}
 i - a potion of berserk rage {unknown}
 m - a potion of heal wounds {unknown}
 n - 11 potions of degeneration
 q - 2 potions of lignification {unknown}
 r - 2 potions of haste {unknown}
 t - 4 potions of mutation
 v - a potion of cancellation {unknown}
 x - 3 potions of might {unknown}


   Skills:
 - Level 1.7 Dodging
 - Level 1.7 Stealth
 + Level 6.5 Spellcasting
 + Level 6.9 Conjurations
 - Level 7.2 Air Magic


You had 6 spell levels left.
You knew the following spells:

 Your Spells              Type           Power      Damage    Failure   Level
a - Magic Dart            Conj           100%       1d8       1%          1
b - Shock                 Conj/Air       100%       1d9       1%          1
c - Airstrike             Air            20%        2d(3-19)  4%          4
d - Iskenderun's Mystic   Conj/Tloc      23%        2d6       19%         4
e - Fulminant Prism       Conj/Hex       11%        3d8       19%         4
f - Kiss of Death         Conj/Necr      92%        2d12      1%          1

Your spell library contained the following spells:

 Spells                   Type           Power      Damage    Failure   Level
 Searing Ray              Conj           78%        2d7       1%          2
 Swiftness                Air            40%        N/A       1%          3
 Dazzling Flash           Conj/Hex       46%        N/A       6%          3
 Ensorcelled Hibernation  Hex/Ice        14%        N/A       12%         2
 Spider Form              Tmut/Pois      7%         N/A       24%         3
 Anguish                  Hex/Necr       3%         N/A       63%         4


Dungeon Overview and Level Annotations

Branches:
Dungeon (7/15)             Temple (1/1) D:5           Sewer (visited)
Ossuary (visited)

Altars:
Ashenzari
Cheibriados
Dithmenos
Gozag
Kikubaaqudgha
Makhleb
Nemelex Xobeh
Ru
Vehumet

Shops:
D:5 *

Annotations:
D:6 4 runed translucent doors


Innate Abilities, Weirdness & Mutations

You have large cloven feet.
You are partially covered in molten scales. (AC +2)
You may rarely emit foul miasma when damaged in melee.
You regenerate a little health from kills.


Message History

The kobold hits you with a +2 whip of electrocution.
The kobold throws a stone.
The stone hits you but does no damage. The kobold attacks as you move away!
The kobold hits you with a +2 whip of electrocution.
The kobold throws a stone.
The stone closely misses you.
You see here an adder corpse.
The kobold attacks as you move away! The kobold closely misses you.
The kobold attacks as you move away!
The kobold hits you with a +2 whip of electrocution.
The kobold throws a stone.
The stone closely misses you.
The kobold brigand throws a curare-tipped dart.
The curare-tipped dart hits you.
You are poisoned.
You have difficulty breathing.
You feel yourself slow down.
There is a stone staircase leading up here.
Okay, then.
You feel very sick. The kobold barely misses you.
The kobold throws a stone.
The stone hits you but does no damage.
The kobold brigand throws a curare-tipped dart.
The curare-tipped dart barely misses you.
The kobold barely misses you.
The kobold throws a stone.
The stone closely misses you. The kobold closely misses you.
You climb upwards.
You feel very sick.
There is a stone staircase leading down here.
Unknown command.
The air twists around and strikes the kobold!
You kill the kobold!
Vehumet accepts your kill.
You feel sick.
You feel sick.
You feel sick.
You feel sick.
You are no longer poisoned.
You feel yourself speed up.
HP restored.
Magic restored.
You see here a +2 whip of electrocution.
Are you sure you want to abandon this character and quit the game? (Confirm with "yes".)

.#.# ##.#.#........# #########
.#.# #.#.#.##..#..# #.#...|..
##.####.........#..######.#.#####
..........#.##...................
.#.####............##............
##.# ############...........###..
#.# #.##########.##........###..
#.###..........>.#..............
#.#............@......##...####.
##'#'#'#########.##.##...........
#..............#........#...#####
#..............#..#........##
#..............#..#####'##.#
##.#'#'#########..###.†....#
#.#.#.# #.........'......#
#.#.#.# #.#########......#
##.#.#.## #.#.........#.##.######


There were no monsters in sight!

Vanquished Creatures
  2 black bears
  3 ogres
  6 kobold brigands (Sewer)
  3 bullfrogs
  A necrophage (D:4)
  3 scorpions
  3 centaur zombies (Ossuary)
  2 hounds (D:5)
  A jelly (D:6)
  A human zombie (Ossuary)
  A gnoll bouda (D:5)
  3 iguanas
  2 human skeletons (D:4)
  A hound skeleton (D:4)
  5 mummies (Ossuary)
  9 adders
  15 gnolls
  3 white imps
  An ufetubus (D:4)
  6 worms
  2 dart slugs
  16 orcs
  7 bats
  5 endoplasms
  3 giant cockroaches
  7 goblins
  7 hobgoblins
  2 jackals (D:3)
  17 kobolds
  5 quokkas
  14 ball pythons
  3 frilled lizards
  A goblin zombie (Ossuary)
  A hobgoblin zombie (Ossuary)
  A kobold zombie (Ossuary)
  3 orc skeletons (D:4)
  2 orc zombies
  5 rats
172 creatures vanquished.

Vanquished Creatures (others)
  3 plants (Sewer)
3 creatures vanquished.

Grand Total: 175 creatures vanquished

Notes
Turn   | Place    | Note
-------+----------+-------------------------------------------
     0 | D:1      | vishdafish the Demonspawn Conjurer began the quest for the
                  | Orb.
     0 | D:1      | Reached XP level 1. HP: 13/13 MP: 3/3
   527 | D:1      | Gained mutation: You are partially covered in molten
                  | scales. (AC +2) [demonic ancestry]
   527 | D:1      | Reached XP level 2. HP: 3/19 MP: 0/5
   635 | D:1      | Learned a level 1 spell: Shock
  1171 | D:2      | Reached skill level 1 in Air Magic
  1171 | D:2      | Gained mutation: You have large cloven feet. [demonic
                  | ancestry]
  1171 | D:2      | Reached XP level 3. HP: 24/24 MP: 0/7
  1448 | D:2      | Gained mutation: You regenerate a little health from kills.
                  | [demonic ancestry]
  1448 | D:2      | Reached XP level 4. HP: 30/30 MP: 0/8
  1879 | D:2      | Reached skill level 2 in Air Magic
  2508 | D:3      | Reached XP level 5. HP: 34/35 MP: 0/10
  2902 | D:3      | Found a snail-covered altar of Cheibriados.
  3069 | D:3      | Found an ancient bone altar of Kikubaaqudgha.
  3174 | D:4      | Reached skill level 3 in Air Magic
  3218 | D:4      | Learned a level 4 spell: Airstrike
  3429 | D:4      | Found a burning altar of Makhleb.
  3438 | D:4      | Reached XP level 6. HP: 40/41 MP: 7/12
  3454 | D:4      | Reached skill level 4 in Air Magic
  3650 | D:4      | Found a sand-covered staircase.
  3778 | Ossuary  | Entered an ossuary
  3825 | Ossuary  | Reached skill level 5 in Air Magic
  4013 | Ossuary  | Reached XP level 7. HP: 46/46 MP: 0/13
  4806 | D:4      | Reached skill level 6 in Air Magic
  5108 | D:5      | Entered Level 5 of the Dungeon
  5382 | D:5      | Found a staircase to the Ecumenical Temple.
  5389 | Temple   | Entered the Ecumenical Temple
  5397 | Temple   | Became a worshipper of Vehumet
  5582 | D:5      | Reached skill level 7 in Air Magic
  5605 | D:5      | Found an opulent altar of Gozag.
  5645 | D:5      | Found a glowing drain.
  5654 | Sewer    | Entered a sewer
  5764 | Sewer    | Learned a level 4 spell: Iskenderun's Mystic Blast
  5769 | Sewer    | Learned a level 4 spell: Fulminant Prism
  5823 | Sewer    | Reached XP level 8. HP: 44/52 MP: 9/14
  5912 | Sewer    | Reached skill level 5 in Conjurations
  6035 | Sewer    | Reached skill level 5 in Spellcasting
  6039 | Sewer    | Reached * piety under Vehumet
  6039 | Sewer    | Offered knowledge of Kiss of Death by Vehumet.
  6608 | D:5      | Found Wuniddus's Assorted Antiques.
  6755 | D:5      | Bought a runed ivory ring for 110 gold pieces
  6755 | D:5      | Bought a glowing onyx ring for 110 gold pieces
  7907 | D:6      | Found a shadowy altar of Dithmenos.
  8081 | D:6      | Learned a level 1 spell: Kiss of Death
  8203 | D:6      | Found a large runed translucent door.
  8203 | D:6      | Found a large runed translucent door.
  8219 | D:6      | Found a large runed translucent door.
  8219 | D:6      | Found a large runed translucent door.
  8246 | D:6      | Gained mutation: You may rarely emit foul miasma when
                  | damaged in melee. [demonic ancestry]
  8246 | D:6      | Reached XP level 9. HP: 57/57 MP: 9/18
  8544 | D:5      | Quit the game

Illustrated notes

Levels and vault maps discovered:
D:1:      shiori_shiawase, layout_basic
D:2:      layout_basic
D:3:      layout_basic, general_overflow_altar, mainiacjoe_overflow_chevrons
D:4:      layout_cave_pods, makhleb_blood_cavern_becter,
          nicolae_ossuary_entry_catacombs, minmay_fractal_squares_diagonal_5
D:5:      layout_basic, mainiacjoe_overflow_paths, zin_scriptorium,
          temple_statues, serial_shops, nicolae_inconvenience_store,
          cheibrodos_sewer_entry_bend
D:6:      layout_loops_cross, nicolae_dithmenos_the_darkroom,
          dk_yredelemnul_ordeal, nicolae_uskayaw_dance_hall,
          mainiacjoe_overflow_concentric_impassable, serial_shops,
          nicolae_shop_trees, grunt_ministairs_1, minmay_hollow_rounded_squares
D:7:      layout_layer_cave, trog_hazing_becter, tso_metal_star,
          beargit_hepliaklqana_dungeon_heroes, serial_bayou_lagoon_b
Temple:   nicolae_temple_bog_church

Skill      XL: |  1  2  3  4  5  6  7  8 |
---------------+-------------------------+-----
Air Magic      | 1 2 3 5 7 |  7.2
Spellcasting   | 3 4 6 |  6.5
Conjurations   | 6 |  6.9
Dodging        | |  1.7
Stealth        | |  1.7

Action                     |  1- 3 |  4- 6 |  7- 9 || total
---------------------------+-------+-------+-------++-------
  Melee: Staff             |    39 |    13 |       ||    52
         Kick              |     3 |    14 |    19 ||    36
         Short sword       |       |    51 |    79 ||   130
         Punch             |       |       |     2 ||     2
   Cast: Magic Dart        |    51 |   151 |    44 ||   246
         Shock             |       |       |    75 ||    75
         Airstrike         |       |       |    57 ||    57
         Iskenderun's Myst |       |       |     1 ||     1
  Evoke: Wand              |       |       |    20 ||    20
    Use: Potion            |     1 |       |     5 ||     6
         Scroll            |       |       |    10 ||    10
   Stab: Sleeping          |     1 |     2 |       ||     3
         Distracted        |       |       |     1 ||     1
 Armour: Robe              |    19 |    34 |    49 ||   102
  Dodge: Dodged            |    56 |    66 |   103 ||   225

Table legend: (Time is in decaauts)
 A = Elapsed time spent in this place.
 B = Non-inter-level travel time spent in this place.
 C = Inter-level travel time spent in this place.
 D = Time resting spent in this place.
 E = Time spent auto-exploring this place.
 F = Levels seen in this place.
 G = Mean time per level.
                   A        B        C        D        E       F      G
               +--------+--------+--------+--------+--------+-----+--------+
         Total |   8609 |   8376 |    233 |    196 |   7066 |  10 |  860.9 |
       Dungeon |   7034 |   6813 |    221 |     91 |   5864 |   7 | 1004.9 |
        Temple |    124 |    113 |     11 |    105 |      0 |   1 |  124.0 |
         Sewer |    809 |    809 |      0 |      0 |    682 |   1 |  809.0 |
       Ossuary |    640 |    640 |      0 |      0 |    520 |   1 |  640.0 |
               +--------+--------+--------+--------+--------+-----+--------+

Top non-repeatable levels by time:
     D:5: 1866 daAuts
     D:4: 1336 daAuts
     D:2: 1225 daAuts
     D:1: 1096 daAuts
     D:3: 855 daAuts
   Sewer: 809 daAuts
     D:6: 652 daAuts
 Ossuary: 640 daAuts
  Temple: 124 daAuts
     D:7: 1 daAuts
